 Dungeon Crawl Stone Soup version 0.30-a0-341-g682706514a (webtiles) character file.

Game seed: 9864930674597358510

330 experimilk the Conjurer (level 6, -2/67 HPs)
             Began as a Draconian Conjurer on Nov 5, 2022.
             Succumbed to an orc's poison
             ... on level 2 of the Dungeon.
             The game lasted 00:07:51 (3031 turns).

experimilk the Conjurer (Draconian Conjurer)        Turns: 3031, Time: 00:07:52

Health: -2/67      AC: 23    Str:  7 (10) XL:     6   Next: 26%
Magic:  7/9        EV:  2    Int: 25 (26) God:
Gold:   74         SH:  0    Dex: 14 (15) Spells: 2/9 levels left

rFire   . . .      SeeInvis .    o - +2 quarterstaff (chaos)
rCold   . . .      Faith    .    (shield currently unavailable)
rNeg    . . .      Spirit   .    (body armour unavailable)
rPois   +          Reflect  .    (helmet currently unavailable)
rElec   .          Harm     .    (cloak currently unavailable)
rCorr   .          Rampage  .    (gloves currently unavailable)
Will    .....      NoTele   +    (boots currently unavailable)
Stlth   ++........               (no amulet)
HPRegen 0.31/turn                m - +6 ring of intelligence
MPRegen 0.11/turn                p - +6 ring of dexterity

@: lethally poisoned (-2 -> -11), tree-form
A: stationary, stasis, torment immunity, boosted hp, AC +6, unfitting armour,
(cold-blooded), (stinger 1), (cold resistance 1)
a: no special abilities


You were on level 2 of the Dungeon.
You were a tree.
You visited 1 branch of the dungeon, and saw 3 of its levels.

You collected 74 gold pieces.

Inventory:

Hand Weapons
 c - a +0 quarterstaff
 o - a +2 quarterstaff of chaos (weapon)
Armour
 d - a +0 pair of gloves (melded)
 g - a +0 pair of boots (melded)
 n - a +0 cloak (melded)
Jewellery
 m - a +6 ring of intelligence (left branch)
 p - a +6 ring of dexterity (right branch)
Scrolls
 b - a scroll of silence {unknown}
 e - 2 scrolls of amnesia
 f - a scroll of enchant armour {unknown}
 j - a scroll of teleportation {unknown}
 k - a scroll of acquirement {unknown}
 l - a scroll of blinking {unknown}
 t - a scroll of poison {unknown}


   Skills:
 - Level 1.7 Dodging
 - Level 1.7 Stealth
 - Level 2.0 Spellcasting
 * Level 7.6 Conjurations


You had 2 spell levels left.
You knew the following spells:

 Your Spells              Type           Power      Damage    Failure   Level
a - Magic Dart            Conj           100%       1d8       1%          1
x - Iskenderun's Mystic   Conj/Tloc      21%        2d6       24%         4
z - Searing Ray           Conj           80%        2d7       1%          2

Your spell library contained the following spells:

 Spells                   Type           Power      Damage    Failure   Level
 Sublimation of Blood     Necr           2%         N/A       17%         2
 Dazzling Flash           Conj/Hex       42%        N/A       7%          3
 Fulminant Prism          Conj/Hex       10%        3d9       24%         4
 Irradiate                Conj/Tmut      10%        3d15      54%         5
 Petrify                  Tmut/Erth      2%         N/A       73%         4


Dungeon Overview and Level Annotations

Branches:
Dungeon (3/15)

Altars:

Annotations:
D:1 1 transporter


Innate Abilities, Weirdness & Mutations

You are a tree.
Your roots penetrate the ground, keeping you stationary.
You cannot be teleported.
You are immune to unholy pain and torment.
Your maximum health is greatly increased.
Your equipment is partially melded.
((Your plain brown scales are hard. (AC +6)))
You cannot fit into any form of body armour.
((You are cold-blooded and may be slowed by cold attacks.))
((Your tail ends in a venomous barb.))
((Your flesh is cold resistant. (rC+)))


Message History

A venomous barb forms on the end of your tail.
You feel sick. The orc hits you but does no damage.
Something hits you but does no damage. The orc hits you but does no damage. x2
It was a potion of flight.
Your roots keep you in place.
You feel sick.
You hear some strange, mumbled words.
Something tries to affect you, but you resist.
The orc hits you but does no damage. x2
You are more poisoned.
The orc hits you with a +0 hand axe.
* * * LOW HITPOINT WARNING * * *
You barely miss the orc.
* * * LOW HITPOINT WARNING * * *
You feel very sick. The orc hits you but does no damage.
You are lethally poisoned!
Something hits you but does no damage. The orc hits you but does no damage. x2
Unknown command.
You barely miss the orc.
* * * LOW HITPOINT WARNING * * *
You feel very sick. The orc hits you but does no damage.
Something hits you but does no damage. The orc hits you but does no damage. x2
Unknown command.
Casting: Searing Ray (safe; 1% risk of failure)
Confirm with . or Enter, or press ? or * to list all spells.
Aiming: Searing Ray (safe; 1% risk of failure)
Press: ? - help, Shift-Dir - straight line, f - orc
Aim: an orc, wielding a +0 hand axe (82% to hit)
The searing ray hits the orc.
The orc is heavily wounded. (Press . to maintain the ray.)
* * * LOW HITPOINT WARNING * * *
You feel very sick.
The orc hits you but does no damage. x2; Something hits you but does no damage.
The orc hits you with a +0 hand axe.
* * * LOW HITPOINT WARNING * * *
Unknown command.
You hit the orc. You freeze the orc.
The orc is heavily wounded.
You die...

#.'...........# #..............
###...).......# #........######
#...........#####........#
#...........##...##.######
#...........##...##.#
#...........##...#..#
#...........##...'.##
#............'o).#.#
##############♣o.#.############
#o{.#.##..........
#...#.##(#########
#...#.##.#........
#...#.##.#.#......
#...#....#.#.#....
#...######....<... #...#
###.##### ##### #......


You could see 3 orcs.

Vanquished Creatures
  Sigmund (D:2)
  An orc priest (D:2)
  Crazy Yiuf (D:2)
  Natasha (twice) (D:2)
  An adder (D:2)
  3 dart slugs
  An orc (D:2)
  4 ball pythons
  5 endoplasms
  4 giant cockroaches
  3 hobgoblins
  2 quokkas
  4 bats
  A frilled lizard (D:2)
  2 kobolds
  4 rats
39 creatures vanquished.

Notes
Turn   | Place    | Note
-------+----------+-------------------------------------------
     0 | D:1      | experimilk the Draconian Conjurer began the quest for the
                  | Orb.
     0 | D:1      | Reached XP level 1. HP: 14/14 MP: 3/3
   442 | D:1      | Reached XP level 2. HP: 20/20 MP: 1/5
   570 | D:1      | Learned a level 2 spell: Searing Ray
  1292 | D:2      | Reached skill level 5 in Conjurations
  1345 | D:2      | Noticed Sigmund
  1454 | D:2      | Found a runed translucent door.
  1455 | D:2      | Noticed Crazy Yiuf
  1464 | D:2      | Killed Crazy Yiuf
  1465 | D:2      | Reached XP level 3. HP: 8/26 MP: 3/6
  2105 | D:2      | Killed Sigmund
  2106 | D:2      | Reached skill level 7 in Conjurations
  2106 | D:2      | Reached XP level 4. HP: 30/33 MP: 0/7
  2106 | D:2      | Reached XP level 5. HP: 34/38 MP: 0/8
  2177 | D:2      | Learned a level 4 spell: Iskenderun's Mystic Blast
  2452 | D:2      | Found a faded altar of an unknown god.
  2518 | D:2      | Noticed Natasha
  2522 | D:2      | Killed Natasha
  2659 | D:2      | Noticed Natasha
  2666 | D:2      | Killed Natasha
  2667 | D:2      | Reached XP level 6. HP: 43/45 MP: 0/9
  3026 | D:2      | Gained mutation: Your flesh is cold resistant. (rC+)
                  | [potion of mutation]
  3026 | D:2      | Gained mutation: Your tail ends in a venomous barb. [potion
                  | of mutation]
  3030 | D:2      | HP: 2/67 [poisoned by an orc]
  3031 | D:2      | Succumbed to an orc's poison

Illustrated notes

Levels and vault maps discovered:
D:1:      spicycebolla_arrival_risky_transporter, layout_basic
D:2:      layout_basic, hellmonk_ecumenical_altar_defaced_shrine,
          uniq_crazy_yiuf_cottage, uniq_sigmund, uniq_natasha
D:3:      cheibrodos_old_hovel, layout_basic, gup_sewer_entry_spiral,
          minmay_pentomino_pile

Skill      XL: |  1  2  3 |
---------------+----------+-----
Conjurations   | 5 7 |  7.6
Dodging        | |  1.7
Stealth        | |  1.7
Spellcasting   | |  2.0

Action                   |  1- 3 |  4- 6 || total
-------------------------+-------+-------++-------
Melee: Short sword       |    19 |       ||    19
       Unarmed           |     4 |       ||     4
       Tailslap          |     3 |       ||     3
       Quarterstaff      |     2 |     3 ||     5
 Cast: Magic Dart        |    48 |    21 ||    69
       Searing Ray       |     3 |    10 ||    13
  Use: Scroll            |     3 |       ||     3
       Potion            |     1 |     7 ||     8
Armor: Skin              |     7 |    54 ||    61
Dodge: Dodged            |    22 |    11 ||    33

Table legend: (Time is in decaauts)
 A = Elapsed time spent in this place.
 B = Non-inter-level travel time spent in this place.
 C = Inter-level travel time spent in this place.
 D = Time resting spent in this place.
 E = Time spent auto-exploring this place.
 F = Levels seen in this place.
 G = Mean time per level.
                   A        B        C        D        E       F      G
               +--------+--------+--------+--------+--------+-----+--------+
         Total |   3032 |   3014 |     18 |   1163 |   1329 |   3 | 1010.7 |
       Dungeon |   3032 |   3014 |     18 |   1163 |   1329 |   3 | 1010.7 |
               +--------+--------+--------+--------+--------+-----+--------+

Top non-repeatable levels by time:
     D:2: 1924 daAuts
     D:1: 1102 daAuts
     D:3: 5 daAuts
